 Dungeon Crawl Stone Soup version 0.26-a0-667-g92642533e4 (webtiles) character file.

Game seed: 5878660903405285685

299 robertstho the Bolt Thrower (level 6, -1/37 HPs)
             Began as a Kobold Hunter on Oct 16, 2020.
             Was an Initiate of Okawaru.
             Slain by an orc wizard
             ... wielding a +0 dagger
              (5 damage)
             ... on level 4 of the Dungeon.
             The game lasted 00:04:55 (3720 turns).

robertstho the Bolt Thrower (Kobold Hunter)         Turns: 3720, Time: 00:04:55

Health: -1/37      AC:  5    Str: 12    XL:     6   Next: 63%
Magic:  7/7        EV: 14    Int: 12    God:    Okawaru [......]
Gold:   190        SH:  0    Dex: 15    Spells: 5/5 levels left

rFire    x . .     SeeInvis .   t - +1 whip (elec)
rCold    + . .     Faith    .   (shield restricted)
rNeg     . . .     Spirit   .   l - +0 ring mail
rPois    +         Reflect  .   (no helmet)
rElec    .         Harm     .   (no cloak)
rCorr    .         Rampage  .   (no gloves)
MR       .....                  (no boots)
Stlth    +++.......             (no amulet)
HPRegen  0.12/turn              r - ring of ice
MPRegen  0.10/turn              m - ring of poison resistance

@: no status effects
A: small, nightstalker 3
a: Renounce Religion


You were on level 4 of the Dungeon.
You worshipped Okawaru.
Okawaru was noncommittal.
You visited 1 branch of the dungeon, and saw 4 of its levels.

You collected 190 gold pieces.

Inventory:

Hand Weapons
 a - a +1 hand crossbow
 b - a +0 short sword
 p - a +1 falchion of holy wrath
 t - a +1 whip of electrocution (weapon)
Missiles
 d - 14 bolts
 w - 9 poisoned darts (quivered)
Armour
 l - a +0 ring mail (worn)
Jewellery
 e - an uncursed ring of positive energy
 m - a ring of poison resistance (right hand)
 r - a ring of ice (left hand)
Scrolls
 f - a scroll of noise {unknown}
 g - a scroll of amnesia {unknown}
 i - 3 scrolls of identify
 j - a scroll of fear {unknown}
 n - 6 scrolls of remove curse
 o - a scroll of magic mapping {unknown}
 s - a scroll of random uselessness {unknown}
 u - a scroll of immolation {unknown}
Potions
 h - a potion of magic {unknown}
 k - a potion of lignification
 q - a potion of cancellation {unknown}
 v - a potion of heal wounds
 x - 2 potions of curing {unknown}


   Skills:
 * Level 3.1 Fighting
 + Level 0.2 Long Blades
 + Level 0.5 Maces & Flails
 * Level 7.4 Crossbows
 + Level 1.0 Armour
 + Level 2.8 Dodging
 * Level 2.7 Stealth
 * Level 1.3 Invocations


You had 5 spell levels left.
You didn't know any spells.
Your spell library was empty.

Dungeon Overview and Level Annotations

Branches:
Dungeon (4/15)
 Temple: D:4-7

Altars:
Okawaru

Annotations:
D:4 Edmund


Innate Abilities, Weirdness & Mutations

You are small and have problems with some larger weapons.
You are completely attuned to the shadows.


Message History

The orc hits you but does no damage. Something hits you but does no damage.
You barely miss the orc priest.
The orc priest is lightly wounded.
The orc priest looks satisfied for a moment.
The orc barely misses you. The orc priest barely misses you.
As you read the scroll labeled LAARIM JAOGOUX, it crumbles to dust.
It is a scroll of identify.
n - 6 scrolls of remove curse The orc barely misses you.
Something hits you.
The orc priest hits you but does no damage.
As you read the scroll labeled EKHLOS SAQINLUY, it crumbles to dust.
It is a scroll of enchant weapon.
Your +0 whip of electrocution glows red for a moment.
The orc completely misses you. Something hits you.
* * * LOW HITPOINT WARNING * * *
The orc priest hits you.
* * * LOW HITPOINT WARNING * * *
Unknown command.
Something hits you.
You die...

......##
.....<
......#
......
......##
......
.......#
......
#####..##
....<.
###.######
......
#..#...##
......
##.......
......
##@.....
......
#.{o....
#.@o....
#........
#........
#........


You could see Edmund, an orc priest and an orc.

Vanquished Creatures
  An ice beast (D:3)
  An orc priest (D:2)
  3 gnolls (D:3)
  5 adders
  An ooze (D:3)
  4 worms
  2 dart slugs (D:1)
  A leopard gecko (D:3)
  3 orcs
  3 giant cockroaches
  12 goblins
  7 hobgoblins
  11 jackals (D:3)
  9 kobolds
  A quokka (D:2)
  4 ball pythons
  4 bats
  5 frilled lizards
  9 rats
86 creatures vanquished.

Notes
Turn   | Place    | Note
-------+----------+-------------------------------------------
     0 | D:1      | robertstho the Kobold Hunter began the quest for the Orb.
     0 | D:1      | Reached XP level 1. HP: 12/12 MP: 1/1
   132 | D:1      | Reached skill level 5 in Crossbows
   218 | D:1      | Reached XP level 2. HP: 18/18 MP: 2/2
   611 | D:1      | Reached XP level 3. HP: 22/22 MP: 3/3
  1093 | D:2      | Found an iron altar of Okawaru.
  1107 | D:2      | Became a worshipper of Warmaster Okawaru
  1142 | D:2      | Reached skill level 6 in Crossbows
  1340 | D:2      | Reached XP level 4. HP: 27/27 MP: 4/4
  1692 | D:2      | Reached XP level 5. HP: 6/31 MP: 5/5
  2252 | D:3      | Noticed an ice beast
  2264 | D:3      | Killed an ice beast
  2264 | D:3      | Reached skill level 7 in Crossbows
  2264 | D:3      | Reached XP level 6. HP: 20/37 MP: 6/6
  2472 | D:3      | Reached skill level 1 in Invocations
  2705 | D:3      | Reached skill level 1 in Armour
  3716 | D:4      | Noticed Edmund
  3720 | D:4      | Slain by an orc wizard

Illustrated notes

Levels and vault maps discovered:
D:1:      minmay_arrival_three_doors, layout_basic, minmay_misc_feat_cross,
          minmay_misc_feat_secret_circle
D:2:      layout_basic, minmay_misc_feat_hallway, okawaru_metal_pillars_1_2
D:3:      layout_basic
D:4:      layout_cave_pods, gammafunk_temple_overflow_pools,
          minmay_temple_entry_hall, serial_shops, shop_statue, uniq_edmund

Skill      XL: |  1  2  3  4  5  6 |
---------------+-------------------+-----
Crossbows      | 5 6 7 |  7.4
Fighting       | 3 |  3.1
Stealth        | 2 |  2.7
Invocations    | 1 |  1.3
Armour         | 1 |  1.0
Long Blades    | |  0.2
Maces & Flails | |  0.5
Dodging        | |  2.8

Action                   |  1- 3 |  4- 6 || total
-------------------------+-------+-------++-------
Melee: Falchion          |       |    14 ||    14
       Whip              |       |   112 ||   112
 Fire: Hand crossbow     |    66 |    46 ||   112
  Use: Potion            |       |     3 ||     3
       Scroll            |       |     2 ||     2
 Stab: Sleeping          |       |     4 ||     4
Armor: Leather armour    |     2 |       ||     2
       Ring mail         |     3 |    40 ||    43
       Skin              |       |     2 ||     2
Dodge: Dodged            |     9 |   114 ||   123
       Rpst.: Falchion   |       |     2 ||     2

Table legend: (Time is in decaauts)
 A = Elapsed time spent in this place.
 B = Non-inter-level travel time spent in this place.
 C = Inter-level travel time spent in this place.
 D = Time resting spent in this place.
 E = Time spent auto-exploring this place.
 F = Levels seen in this place.
 G = Mean time per level.
                   A        B        C        D        E       F      G
               +--------+--------+--------+--------+--------+-----+--------+
         Total |   3763 |   3633 |    130 |    509 |   2548 |   4 |  940.8 |
       Dungeon |   3763 |   3633 |    130 |    509 |   2548 |   4 |  940.8 |
               +--------+--------+--------+--------+--------+-----+--------+

Top non-repeatable levels by time:
     D:3: 1610 daAuts
     D:2: 1092 daAuts
     D:1: 985 daAuts
     D:4: 74 daAuts
